[Event "Titled Tuesday Blitz March 15 Late 2022"]
[White "Le Goff, Ronan"]
[Black "Rosenberg, Evan S"]
[WhiteFideId "612073"]
[BlackFideId "2019299"]
[WhiteElo "2276"]
[BlackElo "2293"]
[Result "1-0"]
[Round "07"]
[TimeControl "180+1"]
[Date "2022.03.16"]
[WhiteClock "0:01:21"]
[BlackClock "0:00:02"]

1. d4 Nf6 2. Nc3 d5 3. Bf4 a6 4. e4 e6 5. h4 c5 6. exd5 cxd4 7. Qxd4 Nc6 8. Qe3 Nxd5 9. Nxd5 Qxd5 10. Rd1 Qxa2 11. Nf3 Qxb2 12. Bd3 Bb4+ 13. Kf1 Bd7 14. h5 h6 15. Qb6 Bc3 16. Qc7 Rc8 17. Qd6 Bb4 18. Be5 Nxe5 19. Qxe5 Qxe5 20. Nxe5 Bb5 21. Bxb5+ axb5 22. Rb1 Bd6 23. Rxb5 Bxe5 24. Rxe5 Rxc2 25. Rh4 Ke7 26. Rb4 Rb8 27. Reb5 Rc7 28. Rg4 Kf8 29. g3 b6 30. Kg2 Rc5 31. Rb3 Rxh5 32. Rgb4 b5 33. Rf3 Rc5 34. Rbf4 f6 35. Re4 e5 36. Rb4 Rc4 37. Rb2 b4 38. Rfb3 Ke7 39. Rb1 Kd6 40. Rd3+ Rd4 41. Rdb3 Kc5 42. Ra1 Kc4 43. Rbb1 b3 44. Ra7 b2 45. Rc7+ Kd3 46. Kf3 e4+ 47. Kg2 f5 48. Kf1 g5 49. Rd1# 1-0


[Site "https://www.chess.com"]

[Event "Titled Tuesday Blitz March 15 Late 2022"]
[White "Lehtosaari, Mauri"]
[Black "Sarkar, Justin"]
[WhiteFideId "501999"]
[BlackFideId "2010011"]
[WhiteElo "2458"]
[BlackElo "2038"]
[Result "1-0"]
[Round "07"]
[TimeControl "180+1"]
[Date "2022.03.16"]
[WhiteClock "0:00:11"]
[BlackClock "0:00:00"]

1. Nf3 Nf6 2. g3 d5 3. Bg2 Nbd7 4. d4 e6 5. O-O Be7 6. b3 O-O 7. Bb2 c6 8. Nbd2 b6 9. Ne5 Nxe5 10. dxe5 Nd7 11. e4 Ba6 12. Re1 Rc8 13. Rc1 Nc5 14. Qf3 Bg5 15. Rcd1 Bxd2 16. Rxd2 Nxe4 17. Rdd1 Qe7 18. Qe3 Qc5 19. Bxe4 Qxe3 20. Rxe3 dxe4 21. Rxe4 c5 22. Ree1 Rfd8 23. f3 Kf8 24. Kf2 Ke8 25. c4 Rxd1 26. Rxd1 Rd8 27. Rxd8+ Kxd8 28. Ke3 Ke7 29. h4 Bb7 30. Kf4 Bc6 31. Bc3 Bb7 32. a3 Bc6 33. Ke3 Bb7 34. g4 Bc6 35. Bd2 a5 36. Kf2 Bb7 37. Bg5+ Ke8 38. Be3 Bc6 39. Ke2 Kd7 40. f4 Kc7 41. Kd2 Be4 42. Kc3 Kc6 43. b4 axb4+ 44. axb4 cxb4+ 45. Kxb4 g6 46. Ka4 1-0


[Site "https://www.chess.com"]

[Event "Titled Tuesday Blitz March 15 Late 2022"]
[White "Levitskiy, Andrey"]
[Black "Zhou, Qiyu"]
[WhiteFideId "14132885"]
[BlackFideId "505161"]
[WhiteElo "2301"]
[BlackElo "1925"]
[Result "0-1"]
[Round "07"]
[TimeControl "180+1"]
[Date "2022.03.16"]
[WhiteClock "0:00:03"]
[BlackClock "0:00:26"]

1. d4 Nf6 2. Bf4 d5 3. e3 e6 4. Nf3 Bd6 5. Bd3 c5 6. c3 Bxf4 7. exf4 cxd4 8. cxd4 Nc6 9. Nc3 a6 10. O-O O-O 11. a3 Bd7 12. Rc1 b5 13. b4 Rc8 14. Bb1 Qb6 15. Qd3 Ne7 16. Ne5 Rfd8 17. g4 g6 18. Rfe1 Rc7 19. Re3 Rdc8 20. Rd1 Nc6 21. Rh3 Nxd4 22. Qxd4 Qxd4 23. Rxd4 Rxc3 24. Rxc3 Rxc3 25. g5 Rc1+ 26. Kg2 Rxb1 27. gxf6 Bc8 28. Nc6 Kf8 29. Ne7 Rc1 30. Rd3 Ke8 31. h4 h5 32. Kf3 Kd7 33. Ke3 Bb7 34. f3 Rc4 35. Ng8 Rc1 36. Ne7 Re1+ 37. Kd4 Rh1 38. Kc5 Rxh4 39. Kb6 Ba8 40. Rc3 Rxf4 41. Rc7+ Kd6 42. Rc8 Rxf6 43. Ng8 Rxf3 44. Rxa8 Rxa3 45. Rxa6 Rxa6+ 46. Kxa6 f5 47. Kxb5 f4 48. Nf6 f3 49. Nh7 f2 50. Ng5 f1=Q+ 51. Kb6 Qf2+ 0-1


[Site "https://www.chess.com"]

[Event "Titled Tuesday Blitz March 15 Late 2022"]
[White "Lock, Gavin R"]
[Black "P., Komal Kishore"]
[WhiteFideId "408646"]
[BlackFideId "5016703"]
[WhiteElo "2104"]
[BlackElo "2120"]
[Result "1-0"]
[Round "07"]
[TimeControl "180+1"]
[Date "2022.03.16"]
[WhiteClock "0:01:19"]
[BlackClock "0:00:54"]

1. d4 d5 2. Nf3 Nf6 3. c3 Bf5 4. Qb3 e6 5. Qxb7 Nbd7 6. Qb3 c5 7. e3 Be7 8. Be2 O-O 9. O-O c4 10. Qd1 Qb6 11. Nbd2 a5 12. Nh4 a4 13. Nxf5 exf5 14. Qc2 Ne4 15. f3 Nd6 16. Re1 Bh4 17. Rd1 Rfe8 18. Nf1 g6 19. Rb1 Qa5 20. a3 Rab8 21. Bd2 Rb3 22. Be1 Qb6 23. Bxh4 h6 24. Bg3 1-0


[Site "https://www.chess.com"]

[Event "Titled Tuesday Blitz March 15 Late 2022"]
[White "Lysyj, Igor"]
[Black "Yang, Kaiqi"]
[WhiteFideId "4150120"]
[BlackFideId "8604398"]
[WhiteElo "2611"]
[BlackElo "2373"]
[Result "1-0"]
[Round "07"]
[TimeControl "180+1"]
[Date "2022.03.15"]
[WhiteClock "0:01:15"]
[BlackClock "0:00:03"]

1. d4 e6 2. c4 f5 3. Nf3 Nf6 4. g3 d5 5. Bf4 Bd6 6. e3 c6 7. Nc3 O-O 8. Qc2 Ne4 9. Bg2 Be7 10. h4 Nd7 11. Nxe4 fxe4 12. Ng5 Bb4+ 13. Ke2 Nf6 14. f3 h6 15. fxe4 hxg5 16. hxg5 Nxe4 17. Bxe4 dxe4 18. Qxe4 Rf7 19. Qh7+ Kf8 20. g6 Rxf4 21. Qh8+ Ke7 22. Qxg7+ Kd6 23. Qe5+ Kd7 24. Rh7+ Be7 25. gxf4 b6 26. Rh8 Qc7 27. Qxc7+ Kxc7 28. g7 1-0


[Site "https://www.chess.com"]

[Event "Titled Tuesday Blitz March 15 Late 2022"]
[White "Magallanes, Rey Jomar"]
[Black "Vargas Pereda, Jesus Manue"]
[WhiteFideId "5205948"]
[BlackFideId "5115710"]
[WhiteElo "2222"]
[BlackElo "1863"]
[Result "1-0"]
[Round "07"]
[TimeControl "180+1"]
[Date "2022.03.16"]
[WhiteClock "0:00:47"]
[BlackClock "0:00:06"]

1. e4 c5 2. Nf3 a6 3. d4 cxd4 4. Nxd4 Nf6 5. Nc3 e5 6. Nb3 Bb4 7. Bd3 d5 8. exd5 Nxd5 9. Bd2 Nxc3 10. Bxc3 Bxc3+ 11. bxc3 O-O 12. O-O Nc6 13. Qe2 Qe7 14. Rad1 Be6 15. Bc4 Rac8 16. Bxe6 Qxe6 17. Nc5 Qe7 18. Ne4 Rfd8 19. g3 f6 20. h3 Qe6 21. Kh2 Qxa2 22. f4 Qe6 23. f5 Qe7 24. g4 h6 25. h4 b5 26. g5 Na5 27. gxh6 gxh6 28. Qg4+ Kf7 29. Qg6+ Kf8 30. Nxf6 Rxd1 31. Qg8# 1-0


[Site "https://www.chess.com"]

[Event "Titled Tuesday Blitz March 15 Late 2022"]
[White "Maghsoodloo, Parham"]
[Black "Xiong, Jeffery"]
[WhiteFideId "12539929"]
[BlackFideId "2047640"]
[WhiteElo "2910"]
[BlackElo "2983"]
[Result "1-0"]
[Round "07"]
[TimeControl "180+1"]
[Date "2022.03.15"]
[WhiteClock "0:00:12"]
[BlackClock "0:00:09"]

1. d4 Nf6 2. c4 e6 3. Nf3 d5 4. Nc3 c6 5. e3 Nbd7 6. Qc2 Bd6 7. b3 O-O 8. Bb2 b6 9. Bd3 Bb7 10. O-O Qe7 11. Rad1 Rac8 12. e4 dxe4 13. Nxe4 Nxe4 14. Bxe4 Nf6 15. Bd3 h6 16. Rfe1 Ba3 17. Ba1 Rfd8 18. h3 Qf8 19. Qe2 Bb4 20. Rf1 Be7 21. Bb1 c5 22. dxc5 Rxc5 23. Rxd8 Qxd8 24. Rd1 Qc7 25. Ne5 Bd6 26. f4 b5 27. Qd3 Be7 28. Nd7 bxc4 29. bxc4 Ne4 30. Nxc5 Bxc5+ 31. Bd4 f5 32. Bxc5 Qxc5+ 33. Qd4 Qa3 34. Bxe4 Bxe4 35. Rd2 Qg3 36. Qf2 Qc3 37. c5 Kh7 38. Kh2 a5 39. Rd7 Bd5 40. Qg3 Qf6 41. a3 a4 42. h4 Qb2 43. h5 Kg8 44. Rd8+ 1-0


[Site "https://www.chess.com"]

[Event "Titled Tuesday Blitz March 15 Late 2022"]
[White "Mangialardo, Tiago Carvalho"]
[Black "Eames, Robert S"]
[WhiteFideId "2130718"]
[BlackFideId "408743"]
[WhiteElo "2076"]
[BlackElo "2105"]
[Result "1-0"]
[Round "07"]
[TimeControl "180+1"]
[Date "2022.03.16"]
[WhiteClock "0:00:40"]
[BlackClock "0:01:05"]

1. e4 e6 2. d4 d5 3. exd5 exd5 4. c4 Bb4+ 5. Nc3 Nf6 6. Nf3 O-O 7. Be2 dxc4 8. Bxc4 Re8+ 9. Be3 Nd5 10. O-O Bxc3 11. bxc3 Nxe3 12. fxe3 Be6 13. Bxe6 Rxe6 14. Ne5 Qe7 15. Rxf7 Qg5 16. Qb3 Qxe3+ 17. Kh1 Qh6 18. Re7 1-0


[Site "https://www.chess.com"]

[Event "Titled Tuesday Blitz March 15 Late 2022"]
[White "Manukyan, Sargis A."]
[Black "Demchenko, Anton"]
[WhiteFideId "13303970"]
[BlackFideId "4160258"]
[WhiteElo "2187"]
[BlackElo "2539"]
[Result "0-1"]
[Round "07"]
[TimeControl "180+1"]
[Date "2022.03.16"]
[WhiteClock "0:00:01"]
[BlackClock "0:00:02"]

1. d4 Nf6 2. c4 c5 3. d5 e6 4. Nc3 exd5 5. cxd5 d6 6. Nf3 g6 7. g3 Bg7 8. Bg2 O-O 9. O-O Re8 10. a4 Na6 11. Nd2 Nb4 12. Nc4 a6 13. a5 Bf5 14. Bg5 h6 15. Bxf6 Bxf6 16. e4 Bc8 17. Qd2 h5 18. f4 Bd4+ 19. Kh1 h4 20. Rae1 hxg3 21. hxg3 Kg7 22. Ne3 Rh8+ 23. Kg1 Bg4 24. e5 dxe5 25. fxe5 Qg5 26. Rf4 Bh3 27. Ref1 Qxg3 28. Rxf7+ Kg8 29. R7f3 Qg4 30. Ne4 Nxd5 31. Rg3 Qxg3 32. Nxg3 Bxe3+ 33. Rf2 Bxd2 34. Bxd5+ Kg7 35. Rxd2 Rad8 36. Ne4 Rh5 37. Nd6 Rxe5 38. Bxb7 Re6 39. Nf5+ Bxf5 40. Rxd8 Kf6 41. Rc8 Bd3 42. Rxc5 g5 43. Rc6 Rxc6 44. Bxc6 Ke5 45. b4 Kd4 46. b5 Kc5 47. Bd7 Bxb5 48. Bc8 Kb4 0-1


[Site "https://www.chess.com"]

[Event "Titled Tuesday Blitz March 15 Late 2022"]
[White "Marson, Juan Miguel"]
[Black "Goryachkina, Aleksandra"]
[WhiteFideId "106585"]
[BlackFideId "4147103"]
[WhiteElo "2053"]
[BlackElo "2426"]
[Result "0-1"]
[Round "07"]
[TimeControl "180+1"]
[Date "2022.03.16"]
[WhiteClock "0:00:03"]
[BlackClock "0:00:03"]

1. e4 e6 2. d4 d5 3. Nd2 c5 4. exd5 Qxd5 5. Ngf3 cxd4 6. Bc4 Qd7 7. O-O Nc6 8. Nb3 a6 9. Nbxd4 Nxd4 10. Nxd4 Qc7 11. Qe2 Bd6 12. h3 Ne7 13. c3 O-O 14. Rd1 Ng6 15. Bd3 Bd7 16. Nf3 Bc6 17. Be4 Rad8 18. Bxc6 Qxc6 19. Bg5 Rd7 20. Nd4 Qc7 21. h4 Bf4 22. h5 Bxg5 23. hxg6 hxg6 24. Rd3 e5 25. Nf3 Rxd3 26. Qxd3 Bf4 27. g3 Rd8 28. Qe4 Bh6 29. Nxe5 Re8 30. f4 Qb6+ 31. Kh1 Qxb2 32. Rb1 Qxc3 33. Rxb7 Qxg3 34. Rxf7 Qh4+ 35. Kg2 Rd8 36. Nf3 Qg4+ 37. Kf2 Rd2+ 38. Nxd2 Kxf7 39. Nf3 Qxf4 40. Qd5+ Ke7 41. Qc5+ Qd6 42. Qa7+ Kf6 43. Qa8 Bf4 44. Kg2 g5 45. Qh8 Kg6 46. Qe8+ Kf6 47. Qe4 Qe6 48. Qd4+ Kg6 49. Qd3+ Qf5 50. Qd8 Qf6 51. Kf2 Qxd8 0-1


[Site "https://www.chess.com"]

[Event "Titled Tuesday Blitz March 15 Late 2022"]
[White "Melkumyan, Hrant"]
[Black "Fedoseev, Vladimir"]
[WhiteFideId "13302485"]
[BlackFideId "24130737"]
[WhiteElo "2922"]
[BlackElo "3012"]
[Result "1-0"]
[Round "07"]
[TimeControl "180+1"]
[Date "2022.03.15"]
[WhiteClock "0:00:09"]
[BlackClock "0:00:05"]

1. c4 e5 2. g3 c6 3. Nf3 e4 4. Nd4 d5 5. cxd5 Qxd5 6. Nc2 Nf6 7. Nc3 Qe5 8. Bg2 Na6 9. O-O Be7 10. d4 exd3 11. exd3 Bg4 12. Qe1 Qc7 13. Bf4 Qd7 14. Ne3 Be6 15. Nc4 O-O 16. Ne5 Qd4 17. Nf3 Qb4 18. Ng5 Nc5 19. d4 Nd3 20. Qe3 Nxf4 21. Qxf4 Nh5 22. Qh4 Bxg5 23. Qxg5 Nf6 24. d5 cxd5 25. Rab1 Rad8 26. a3 Qb3 27. Qd2 Bf5 28. Rbc1 d4 29. Ne2 d3 30. Nf4 Be4 31. Rc3 Qb6 32. Re1 Rfe8 33. Bf1 Bf5 34. Rxe8+ Rxe8 35. Bxd3 Bxd3 36. Rxd3 Ne4 37. Qc2 Nf6 38. Rb3 Qa6 39. Kg2 b6 40. Qd3 Qa4 41. Qf3 h6 42. Rb4 Qc2 43. Qd3 Qc6+ 44. Qf3 Qc1 45. Ne2 Qd2 46. Nc3 Re1 47. Ne4 Nxe4 48. Rxe4 Rxe4 49. Qxe4 Qxb2 50. Qa8+ Kh7 51. Qxa7 f6 52. Qa8 Qc2 53. a4 Qc5 54. h4 Kg6 55. Qe4+ Kf7 56. Qb7+ Kg6 57. Qe4+ Kf7 58. Kf3 Qc3+ 59. Ke2 Qb2+ 60. Kf1 Qb3 61. Qc6 Kg6 62. Kg2 h5 63. Qe8+ Kh6 64. Qh8+ Kg6 65. Qe8+ Kh6 66. Qc6 Qb4 67. Qd7 Qc5 68. Qe8 Kh7 69. Qe4+ Kh6 70. Kg1 Qc1+ 71. Kg2 Qc5 72. Kf3 Qd6 73. Qf4+ Qxf4+ 74. Kxf4 Kg6 75. Ke4 Kf7 76. Kd5 1-0


[Site "https://www.chess.com"]

[Event "Titled Tuesday Blitz March 15 Late 2022"]
[White "Mikhailov, Viacheslav"]
[Black "Ansh M Shah"]
[WhiteFideId "4187369"]
[BlackFideId "25033379"]
[WhiteElo "2381"]
[BlackElo "1819"]
[Result "1-0"]
[Round "07"]
[TimeControl "180+1"]
[Date "2022.03.16"]
[WhiteClock "0:02:53"]
[BlackClock "0:02:45"]

1. c4 Nf6 2. g3 e6 3. Bg2 c5 4. Nf3 Nc6 5. O-O g6 6. d4 cxd4 7. Nxd4 Bg7 8. Nb5 O-O 9. Nd6 Ne8 10. Nc3 Nxd6 11. Qxd6 Qe7 12. c5 b6 13. Qxe7 Nxe7 14. Bxa8 Ba6 15. Bf3 1-0


[Site "https://www.chess.com"]

[Event "Titled Tuesday Blitz March 15 Late 2022"]
[White "Miszler, Levente"]
[Black "Curtis, John"]
[WhiteFideId "763276"]
[BlackFideId "3200256"]
[WhiteElo "1966"]
[BlackElo "2203"]
[Result "1/2-1/2"]
[Round "07"]
[TimeControl "180+1"]
[Date "2022.03.16"]
[WhiteClock "0:01:25"]
[BlackClock "0:00:43"]

1. d4 Nf6 2. c4 g6 3. Nc3 d5 4. Nf3 Bg7 5. g3 O-O 6. Bg2 c5 7. cxd5 Nxd5 8. O-O cxd4 9. Nxd4 Nxc3 10. bxc3 Qa5 11. Bb2 Rd8 12. Qc2 a6 13. Rfd1 Qc7 14. Qb3 Nc6 15. Nxc6 Rxd1+ 16. Rxd1 bxc6 17. Qc4 Be6 18. Qxc6 Qxc6 19. Bxc6 Rb8 20. Ba3 Bxc3 21. Bxe7 Bxa2 22. Rc1 Rb1 23. Rxb1 Bxb1 24. Ba4 Ba2 25. Kg2 Bd5+ 26. f3 Bc4 27. Kf2 a5 28. Ke3 f5 29. Bc5 Kf7 30. Bd4 Bxd4+ 31. Kxd4 Bxe2 32. f4 Kf6 33. Kc5 h6 34. Kb6 g5 35. Kxa5 gxf4 36. gxf4 Kg6 37. Bc2 Bg4 38. Kb4 Kh5 39. Kc5 Kh4 40. Kd4 Kh3 41. Ke5 Kxh2 42. Bxf5 h5 43. Be4 Kg3 44. f5 Bxf5 45. Bxf5 h4 46. Be6 h3 47. Bxh3 1/2-1/2


[Site "https://www.chess.com"]

[Event "Titled Tuesday Blitz March 15 Late 2022"]
[White "Mohammadian, Mohammad"]
[Black "Ardila, Oscar Humberto"]
[WhiteFideId "12566055"]
[BlackFideId "4404742"]
[WhiteElo "1544"]
[BlackElo "1966"]
[Result "1-0"]
[Round "07"]
[TimeControl "180+1"]
[Date "2022.03.16"]
[WhiteClock "0:00:06"]
[BlackClock "0:00:04"]

1. e4 e5 2. Nf3 Nf6 3. Nxe5 d6 4. Nf3 Nxe4 5. d4 Be7 6. Bd3 d5 7. O-O Nc6 8. Re1 Nf6 9. c3 O-O 10. Bg5 Bg4 11. Bxf6 Bxf6 12. Be2 Re8 13. Nbd2 Qd7 14. Qb3 Rab8 15. Bd3 a6 16. a4 h6 17. h3 Bf5 18. Rxe8+ Rxe8 19. Bxf5 Qxf5 20. Qxb7 Qd7 21. Qxa6 Rb8 22. b4 Rb6 23. Qd3 Rb8 24. a5 Na7 25. Re1 Qa4 26. Ne5 Rd8 27. Qa6 Nb5 28. Qc6 Nxc3 29. Qxc3 g6 30. Nef3 c6 31. Rc1 Kg7 32. Nb3 Re8 33. Nc5 Qb5 34. Nd7 Be7 35. Nde5 Qe2 36. Qxc6 Rf8 37. Re1 Qa2 38. Nxg6 Bxb4 39. Rc1 Rb8 40. Nge5 Ba3 41. Rf1 Qb3 42. Nd7 Rd8 43. Nde5 Bb4 44. a6 Qa3 45. Qb7 Rf8 46. a7 Bd6 47. Nd7 Rd8 48. Nb8 1-0


[Site "https://www.chess.com"]

[Event "Titled Tuesday Blitz March 15 Late 2022"]
[White "Morris-Suzuki, Sophie"]
[Black "Gatterer, Florian"]
[WhiteFideId "30922615"]
[BlackFideId "811688"]
[WhiteElo "2480"]
[BlackElo "2218"]
[Result "0-1"]
[Round "07"]
[TimeControl "180+1"]
[Date "2022.03.16"]
[WhiteClock "0:00:01"]
[BlackClock "0:00:09"]

1. e4 e5 2. Nf3 Nc6 3. d4 exd4 4. Nxd4 Nf6 5. Nc3 Bb4 6. Nxc6 bxc6 7. Bd3 d5 8. exd5 cxd5 9. O-O O-O 10. Bg5 c6 11. h3 Re8 12. Qf3 h6 13. Bh4 Be6 14. Ne2 Bd6 15. Nd4 g5 16. Nxe6 Rxe6 17. Bg3 Bxg3 18. fxg3 Qe7 19. Qf2 Kg7 20. Rae1 Rxe1 21. Rxe1 Qc7 22. Kh2 Re8 23. Rf1 Qe7 24. Qf5 Qe5 25. Qf3 h5 26. c3 h4 27. Kh1 hxg3 28. Qd1 g4 29. Bf5 gxh3 30. Bxh3 Qe2 31. Qc1 Re3 32. Bf5 Ne4 33. Kg1 Nf2 34. Qb1 Qh5 0-1


[Site "https://www.chess.com"]

[Event "Titled Tuesday Blitz March 15 Late 2022"]
[White "Najer, Evgeniy"]
[Black "Moroni, Luca Jr"]
[WhiteFideId "4118987"]
[BlackFideId "865834"]
[WhiteElo "2674"]
[BlackElo "2870"]
[Result "0-1"]
[Round "07"]
[TimeControl "180+1"]
[Date "2022.03.15"]
[WhiteClock "0:00:02"]
[BlackClock "0:00:24"]

1. e4 d6 2. d4 e5 3. Nf3 exd4 4. Nxd4 Nf6 5. Nc3 Be7 6. g3 O-O 7. Bg2 Re8 8. O-O Bf8 9. h3 c6 10. g4 a5 11. g5 Nfd7 12. f4 a4 13. a3 Nc5 14. Qf3 Qb6 15. Qf2 Nba6 16. Rb1 Nc7 17. f5 d5 18. g6 Nxe4 19. gxf7+ Kxf7 20. Nxe4 dxe4 21. Be3 Nd5 22. c3 Be7 23. Rbe1 Bf6 24. Bc1 Bd7 25. Bxe4 Kg8 26. Bg2 Qc7 27. Ne6 Qd6 28. c4 Bxe6 29. fxe6 Nb6 30. c5 Qd8 31. cxb6 Kh8 32. Rd1 Qe7 33. Rfe1 Bh4 34. Qe3 Bxe1 35. Rxe1 Rad8 36. Qe5 Rd6 37. Bg5 Qxe6 38. Qxd6 Qxe1+ 39. Kh2 Qe5+ 40. Qxe5 Rxe5 41. Bd2 Rb5 0-1


[Site "https://www.chess.com"]

[Event "Titled Tuesday Blitz March 15 Late 2022"]
[White "Nakamura, Hikaru"]
[Black "Andreikin, Dmitry"]
[WhiteFideId "2016192"]
[BlackFideId "4158814"]
[WhiteElo "3162"]
[BlackElo "3041"]
[Result "1-0"]
[Round "07"]
[TimeControl "180+1"]
[Date "2022.03.15"]
[WhiteClock "0:00:59"]
[BlackClock "0:00:55"]

1. Nf3 d5 2. b3 Bf5 3. Bb2 e6 4. g3 Nf6 5. Bg2 c6 6. Nh4 Be4 7. f3 Bg6 8. Nxg6 hxg6 9. e3 g5 10. f4 gxf4 11. exf4 Bc5 12. d4 Bb6 13. Nd2 Nbd7 14. Qe2 a5 15. a3 Qe7 16. O-O-O Bc7 17. Kb1 Bd6 18. Ka2 g6 19. c4 b5 20. cxb5 cxb5 21. Qxb5 O-O 22. Rc1 Rfb8 23. Qd3 Ng4 24. Qe2 Ndf6 25. Bh3 Nh6 26. Qd3 Qa7 27. Rc6 Bb4 28. Bxe6 Kg7 29. Bh3 Bxd2 30. Qxd2 Qb7 31. Qc2 Ne4 32. Rc1 Nf5 33. Bxf5 gxf5 34. h3 Rh8 35. Rc7 Qb6 36. g4 Rxh3 37. gxf5 Rb8 38. Rg1+ Kf8 39. Rc8+ Rxc8 40. Qxc8+ Ke7 41. f6+ 1-0


[Site "https://www.chess.com"]

[Event "Titled Tuesday Blitz March 15 Late 2022"]
[White "Narayanan.S.L"]
[Black "Paravyan, David"]
[WhiteFideId "5058422"]
[BlackFideId "4194985"]
[WhiteElo "2906"]
[BlackElo "2954"]
[Result "1-0"]
[Round "07"]
[TimeControl "180+1"]
[Date "2022.03.15"]
[WhiteClock "0:00:04"]
[BlackClock "0:00:04"]

1. c4 Nf6 2. Nc3 c5 3. Nf3 d5 4. cxd5 Nxd5 5. g3 Nc6 6. Bg2 Nxc3 7. bxc3 e5 8. O-O Be7 9. d3 O-O 10. Be3 Be6 11. Qa4 Qd7 12. Nd2 Rac8 13. Ne4 b6 14. c4 Nd4 15. Qd1 Bg4 16. Re1 f5 17. Nc3 f4 18. Bxd4 exd4 19. Bd5+ Kh8 20. Ne4 f3 21. exf3 Bxf3 22. Nxc5 Bxc5 23. Bxf3 Qf5 24. Kg2 Rc7 25. Rf1 Re7 26. Bd5 h5 27. Qf3 g6 28. Qxf5 gxf5 29. Rfe1 Rfe8 30. Rxe7 Rxe7 31. Kf3 Kg7 32. h3 Kf6 33. g4 fxg4+ 34. hxg4 h4 35. Be4 Kg5 36. Rg1 Bd6 37. Kg2 Kxg4 38. Kf1+ Kh5 39. Rg8 Be5 40. Rf8 h3 41. Kg1 h2+ 42. Kh1 Rg7 43. f4 Bd6 44. Rf6 Bc7 45. Kxh2 Kg4 46. Kg2 Bxf4 47. Kf2 Be3+ 48. Ke2 Kg5 49. Rf1 Re7 50. a4 Re5 51. Rh1 Ra5 52. Ra1 Bf4 53. Bc6 Re5+ 54. Be4 Kf6 55. Rf1 Kg5 56. Rg1+ Kf6 57. Kf3 Be3 58. Rg6+ Kf7 59. Rc6 Rc5 60. Rd6 Ke7 61. Rg6 Ra5 62. Bc6 Re5 63. Rg7+ Kd6 64. Bd5 a5 65. Rg6+ Kc5 66. Rc6+ Kb4 67. Rxb6+ Kxa4 68. Be4 Rc5 69. Ke2 Ka3 70. Kd1 a4 71. Rb1 Rh5 72. Kc2 Rh2+ 73. Kd1 Rd2+ 74. Ke1 Ka2 75. Rb4 a3 76. c5 Rc2 77. Bd5+ Ka1 78. Bc4 a2 79. c6 Bf4 80. Ra4 Kb1 81. Bxa2+ Rxa2 82. Rxd4 Bc7 83. Rb4+ Kc2 84. Rb7 Ba5+ 85. Ke2 Kc3+ 86. Ke3 Ra1 87. c7 1-0


[Site "https://www.chess.com"]

[Event "Titled Tuesday Blitz March 15 Late 2022"]
[White "Nihal Sarin"]
[Black "Matlakov, Maxim"]
[WhiteFideId "25092340"]
[BlackFideId "4168003"]
[WhiteElo "3081"]
[BlackElo "2903"]
[Result "1-0"]
[Round "07"]
[TimeControl "180+1"]
[Date "2022.03.15"]
[WhiteClock "0:00:30"]
[BlackClock "0:00:17"]

1. e4 c5 2. Nf3 d6 3. Bb5+ Nd7 4. a4 Nf6 5. Nc3 g6 6. a5 Bg7 7. O-O O-O 8. d3 a6 9. Bc4 b5 10. axb6 Nxb6 11. Bb3 a5 12. Re1 a4 13. Ba2 Bg4 14. h3 Bxf3 15. Qxf3 a3 16. Bb3 Nfd7 17. Qe2 e6 18. Ra2 Qe7 19. Nd1 axb2 20. Bxb2 Bxb2 21. Rxb2 Qf6 22. Rb1 Rfb8 23. Ne3 Ne5 24. c3 h5 25. Qd2 Nc6 26. Ra1 Qg5 27. Reb1 Ne5 28. Bd1 Nbd7 29. Rxa8 Rxa8 30. d4 cxd4 31. cxd4 Nc6 32. d5 exd5 33. Qxd5 Qxd5 34. Nxd5 h4 35. Rc1 Nd4 36. Rc4 Ne6 37. Bg4 Ne5 38. Rc2 Nc5 39. f3 Kg7 40. Kh2 Ra3 41. Nc7 Kf8 42. Nb5 Ra1 43. Nxd6 Ncd3 44. Rd2 Nf4 45. g3 hxg3+ 46. Kxg3 g5 47. Nf5 Rg1+ 48. Kh2 1-0


[Site "https://www.chess.com"]

[Event "Titled Tuesday Blitz March 15 Late 2022"]
[White "Obolenskikh, Dmitry"]
[Black "Aldokhin, Ivan"]
[WhiteFideId "4156013"]
[BlackFideId "24115720"]
[WhiteElo "2791"]
[BlackElo "2599"]
[Result "0-1"]
[Round "07"]
[TimeControl "180+1"]
[Date "2022.03.15"]
[WhiteClock "0:02:03"]
[BlackClock "0:01:42"]

1. Nf3 e6 2. c4 d5 3. e3 a6 4. b3 Nf6 5. Bb2 Be7 6. Nc3 O-O 7. d4 b6 8. Be2 Bb7 9. cxd5 Nxd5 10. O-O Nxc3 11. Bxc3 Nd7 12. Rc1 Nf6 13. Ne5 c5 14. Bf3 Nd5 15. Bb2 Rc8 16. Qd2 b5 17. dxc5 Bxc5 18. Rfd1 Qe7 0-1


[Site "https://www.chess.com"]

[Event "Titled Tuesday Blitz March 15 Late 2022"]
[White "Odegov, Artem"]
[Black "Lewtak, Damian"]
[WhiteFideId "34183644"]
[BlackFideId "1141724"]
[WhiteElo "2286"]
[BlackElo "2362"]
[Result "1-0"]
[Round "07"]
[TimeControl "180+1"]
[Date "2022.03.16"]
[WhiteClock "0:01:10"]
[BlackClock "0:00:17"]

1. d4 d5 2. c4 c6 3. Nf3 Nf6 4. Nc3 e6 5. Bg5 Nbd7 6. e3 Bb4 7. Bd3 Qa5 8. O-O Bxc3 9. bxc3 Qxc3 10. Rc1 Qa5 11. cxd5 exd5 12. Ne5 h6 13. Bh4 O-O 14. f4 Ne4 15. Qh5 Nxe5 16. fxe5 Qd2 17. Bxe4 Qxe3+ 18. Kh1 Qxe4 19. Be7 Bg4 20. Qh4 Rfe8 21. Rce1 Qg6 22. Bd6 Qg5 23. Qf2 Bh5 24. Re3 Bg6 25. Rg3 Qh4 26. Qe3 Qe4 27. Qf2 Kh7 28. h3 Re6 29. Rg4 Qc2 30. Qxc2 Bxc2 31. Rxf7 Rg6 32. Rxg6 Kxg6 33. Rxb7 a5 34. e6 a4 35. Be5 Kf5 36. e7 g5 37. Rb8 1-0


[Site "https://www.chess.com"]

[Event "Titled Tuesday Blitz March 15 Late 2022"]
[White "Oro, Luis"]
[Black "Hartikainen, Jarmo"]
[WhiteFideId "104094"]
[BlackFideId "503134"]
[WhiteElo "2275"]
[BlackElo "2105"]
[Result "1/2-1/2"]
[Round "07"]
[TimeControl "180+1"]
[Date "2022.03.16"]
[WhiteClock "0:00:10"]
[BlackClock "0:00:04"]

1. e4 c5 2. Nf3 Nc6 3. d4 cxd4 4. Nxd4 Nf6 5. Nc3 d6 6. f3 e5 7. Nb3 Be6 8. Be3 Be7 9. Qd2 a6 10. O-O-O Qc7 11. g4 Rc8 12. h4 Nb4 13. Kb1 b5 14. h5 h6 15. Be2 d5 16. exd5 Nbxd5 17. Nxd5 Nxd5 18. Bf2 Bg5 19. Qd3 Nb4 20. Qe4 Qxc2+ 21. Qxc2 Rxc2 22. Rhe1 O-O 23. Bc5 Bxb3 24. Bxb4 Rxe2 25. axb3 Rxe1 26. Rxe1 Rd8 27. Rxe5 Rd1+ 28. Ka2 Rf1 29. Rf5 Bf6 30. Bc3 Bxc3 31. bxc3 Kf8 32. Ka3 Ra1+ 33. Kb4 Ke7 34. Kc5 g6 35. hxg6 fxg6 36. Re5+ Kf6 37. Re8 h5 38. gxh5 gxh5 39. Rh8 Kg5 40. f4+ Kxf4 41. Rxh5 Ke4 42. Rh6 Kd3 43. Rh3+ Kc2 44. Kb4 a5+ 45. Kxb5 Kxb3 46. c4+ Kc2 47. c5 Rc1 48. c6 Kb2 49. Rh7 a4 50. Rh2+ Kb3 51. Rh3+ Kb2 52. Rh7 a3 53. c7 Rxc7 54. Rxc7 a2 55. Ra7 a1=Q 56. Rxa1 Kxa1 1/2-1/2


[Site "https://www.chess.com"]

[Event "Titled Tuesday Blitz March 15 Late 2022"]
[White "Perez Torres, Nabi Isaias"]
[Black "Svicevic, Rastko"]
[WhiteFideId "5120373"]
[BlackFideId "916315"]
[WhiteElo "1755"]
[BlackElo "2132"]
[Result "0-1"]
[Round "07"]
[TimeControl "180+1"]
[Date "2022.03.16"]
[WhiteClock "0:00:01"]
[BlackClock "0:00:01"]

1. d4 c6 2. c4 d5 3. Nc3 e6 4. e4 dxe4 5. Nxe4 Bb4+ 6. Nc3 Nf6 7. Nf3 Ne4 8. Qc2 Nxc3 9. bxc3 Be7 10. Bd3 h6 11. Bf4 Nd7 12. h4 Qa5 13. Rh3 Nf6 14. Ne5 O-O 15. g4 h5 16. gxh5 Nxh5 17. Bg5 Bf6 18. f4 b5 19. Nxc6 Qc7 20. Ne5 bxc4 21. Bh7+ Kh8 22. Bg6 fxg6 23. Qxg6 Bxe5 24. Qxh5+ Kg8 25. fxe5 Bb7 26. Rg3 Rf7 27. Bf6 Rxf6 28. Qg5 Rf7 29. h5 Kh8 30. h6 g6 31. Qxg6 Raf8 32. O-O-O Qa5 33. Rdg1 Qa3+ 34. Kd2 Qb2+ 35. Ke1 Qc1+ 36. Ke2 Qb2+ 37. Ke1 Qc1+ 38. Ke2 Bf3+ 39. Rxf3 Qc2+ 0-1


[Site "https://www.chess.com"]